 Dungeon Crawl Stone Soup version 0.23.2-40-g277498a001 (webtiles) character file.

Game seed: 14140091287969640607

145 Glamhuggeren the Magician (level 5, 0/28 HPs)
             Began as a Deep Elf Wizard on Oct 7, 2019.
             Slain by a mummy (18 damage)
             ... in an ossuary.
             The game lasted 00:16:53 (3159 turns).

Glamhuggeren the Magician (Deep Elf Wizard)         Turns: 3159, Time: 00:16:53

Health: 0/28       AC:  3    Str:  4    XL:     5   Next: 6%
Magic:  9/15       EV: 13    Int: 24    God:
Gold:   73         SH:  0    Dex: 13    Spells: 10/16 levels left

rFire    . . .     SeeInvis +   g - +0 dagger (speed)
rCold    . . .     Gourm    .   (no shield)
rNeg     + . .     Faith    .   a - +0 robe
rPois    .         Spirit   .   b - +0 hat
rElec    .         Reflect  .   r - +0 cloak
rCorr    .         Harm     .   (no gloves)
MR       .....                  (no boots)
Stlth    ++........             (no amulet)
HPRegen  0.09/turn              h - ring of see invisible
MPRegen  0.14/turn              p - ring of positive energy

@: no status effects
A: no striking features
a: no special abilities


You were in an ossuary.
You were not hungry.

You visited 1 branch of the dungeon, and saw 4 of its levels.
You also visited: Ossuary.

You collected 73 gold pieces.

Inventory:

Hand Weapons
 c - a +0 hunting sling
 f - a +0 short sword
 g - a +0 dagger of speed (weapon)
Missiles
 e - 161 stones (quivered)
 k - 14 poisoned needles
 v - 5 tomahawks
Armour
 a - a +0 robe (worn)
 b - a +0 hat (worn)
 r - a +0 cloak (worn)
Jewellery
 h - a ring of see invisible (left hand)
 p - a ring of positive energy (right hand)
 q - an uncursed ring of flight
Scrolls
 i - a scroll of amnesia {unknown}
 j - a scroll of remove curse {unknown}
 n - a scroll of immolation {unknown}
 s - 2 scrolls of identify
Potions
 l - a potion of mutation
 m - a potion of degeneration {unknown}
 o - a potion of might {unknown}
 t - 2 potions of heal wounds
 u - a potion of berserk rage {unknown}
Comestibles
 d - 6 rations


   Skills:
 - Level 3.0 Dodging
 - Level 3.0 Stealth
 + Level 6.0 Spellcasting
 + Level 2.9 Conjurations
   Level 1.1 Summonings
 - Level 2.0 Translocations
 + Level 0.3 Air Magic
 + Level 0.3 Poison Magic


You had 10 spell levels left.
You knew the following spells:

 Your Spells              Type           Power        Failure   Level  Hunger
a - Magic Dart            Conj           ###.         2%          1    None
b - Blink                 Tloc           N/A          5%          2    None
c - Mephitic Cloud        Conj/Pois/Air  ##......     14%         3    #......

Your spell library contained the following spells:

 Spells                   Type           Power        Failure   Level  Hunger
 Call Imp                 Summ           ##......     8%          2    None
 Slow                     Hex            #.......     12%         2    None
 Conjure Flame            Conj/Fire      ##......     13%         3    #......


Dungeon Overview and Level Annotations

Branches:
Dungeon (4/15)             Temple (0/1) D:4

Altars:


Message History

The magic dart hits the mummy but does no damage.
The mummy is severely damaged.
The mummy closely misses you. The mummy barely misses you. x2
Casting: Magic Dart (safe; 2% risk of failure)
Confirm with . or Enter, or press ? or * to list all spells.
Aiming: Magic Dart (safe; 2% risk of failure)
Press: ? - help, Shift-Dir - straight line, f/p - mummy
Aim: a mummy (severely damaged)
The magic dart hits the mummy.
The mummy is almost destroyed.
Casting: Magic Dart (safe; 2% risk of failure)
Confirm with . or Enter, or press ? or * to list all spells.
Aiming: Magic Dart (safe; 2% risk of failure)
Press: ? - help, Shift-Dir - straight line, f/p - mummy
Aim: a mummy (almost destroyed)
The magic dart hits the mummy.
The mummy is almost destroyed.
The mummy hits you! The mummy hits you!!
Ouch! That really hurt!
You die... ####### #.#.#.# #.....# #MMM#

#.@.#
#...#
#.∩.#
#...#
##+##


You could see 3 mummies.

Vanquished Creatures
  Terence (D:3)
  5 adders
  An ooze (D:3)
  2 worms (D:2)
  A leopard gecko (D:3)
  5 orcs (D:3)
  4 bats
  A giant cockroach (D:2)
  6 goblins
  7 hobgoblins
  3 ball pythons
  5 frilled lizards
  15 kobolds
  11 rats
67 creatures vanquished.

Notes
Turn   | Place    | Note
-------+----------+-------------------------------------------
     0 | D:1      | Glamhuggeren the Deep Elf Wizard began the quest for the
                  | Orb.
     0 | D:1      | Reached XP level 1. HP: 10/10 MP: 7/7
   154 | D:1      | Reached XP level 2. HP: 15/15 MP: 2/9
   225 | D:1      | Learned a level 2 spell: Blink
  1157 | D:2      | Reached XP level 3. HP: 19/19 MP: 8/11
  1299 | D:2      | Reached skill level 5 in Spellcasting
  1535 | D:2      | Learned a level 3 spell: Mephitic Cloud
  1993 | D:3      | Reached XP level 4. HP: 24/24 MP: 4/13
  2132 | D:3      | Noticed Terence
  2154 | D:3      | Killed Terence
  2453 | D:3      | Reached skill level 6 in Spellcasting
  2822 | D:3      | Reached XP level 5. HP: 28/28 MP: 11/15
  3030 | D:4      | Noticed an ogre
  3138 | D:4      | Found a sand-covered staircase.
  3152 | Ossuary  | Entered an ossuary
  3159 | Ossuary  | Slain by a mummy

Skill      XL: |  1  2  3  4 |
---------------+-------------+-----
Stealth        | 3 |  3.0
Dodging        | 3 |  3.0
Conjurations   | 2 |  2.9
Spellcasting   | 5 6 |  6.0
Translocations | 2 |  2.0
Summonings     | |  1.1
Air Magic      | |  0.3
Poison Magic   | |  0.3

Action                   |  1- 3 |  4- 6 || total
-------------------------+-------+-------++-------
Melee: Short sword       |    38 |     7 ||    45
       Dagger            |       |     7 ||     7
Throw: Stone             |     7 |       ||     7
 Cast: Magic Dart        |    92 |    74 ||   166
  Use: Potion            |       |     2 ||     2
       Scroll            |       |     2 ||     2
  Eat: Chunk             |     3 |     4 ||     7
Armor: Robe              |     8 |     4 ||    12
       Skin              |       |     3 ||     3
Dodge: Dodged            |    40 |    20 ||    60
